 Dungeon Crawl Stone Soup version 0.27-a0-29-g2d0a2396b0 (webtiles) character file.

Game seed: 1809455995856906704

1 sahdkjhfkaj the Caller (level 1, -1/18 HPs)
             Began as an Ogre Summoner on Jan 3, 2021.
             Slain by a goblin
             ... wielding a +0 club
              (4 damage)
             ... on level 1 of the Dungeon.
             The game lasted 00:00:11 (108 turns).

sahdkjhfkaj the Caller (Ogre Summoner)               Turns: 108, Time: 00:00:12

Health: -1/18      AC:  3    Str: 11    XL:     1   Next: 20%
Magic:  1/3        EV: 10    Int: 16    God:
Gold:   0          SH:  0    Dex:  9    Spells: 3/4 levels left

rFire    . . .     SeeInvis .   (no weapon)
rCold    . . .     Faith    .   (no shield)
rNeg     . . .     Spirit   .   a - +0 robe
rPois    .         Reflect  .   (helmet restricted)
rElec    .         Harm     .   (no cloak)
rCorr    .         Rampage  .   (gloves unavailable)
Will     .....                  (boots unavailable)
Stlth    +.........             (no amulet)
HPRegen  0.06/turn              (no ring)
MPRegen  0.08/turn              (no ring)

@: no status effects
A: large, unfitting armour, tough skin 1
a: no special abilities


You were on level 1 of the Dungeon.
You visited 1 branch of the dungeon, and saw 1 of its levels.

Inventory:

Armour
 a - a +0 robe (worn)
Scrolls
 b - a scroll of enchant armour {unknown}


   Skills:
 + Level 0.3 Fighting
 - Level 1.7 Dodging
 - Level 1.4 Stealth
 * Level 0.1 Unarmed Combat
 - Level 2.4 Spellcasting
 - Level 3.6 Summonings


You had 3 spell levels left.
You knew the following spells:

 Your Spells              Type           Power        Failure   Level
a - Summon Small Mammal   Summ           52%          4%          1

Your spell library contained the following spells:

 Spells                   Type           Power        Failure   Level
 Call Imp                 Summ           13%          7%          2
 Call Canine Familiar     Summ           13%          14%         3
 Summon Guardian Golem    Hex/Summ       7%           28%         3
 Summon Ice Beast         Ice/Summ       7%           67%         4
 Summon Lightning Spire   Summ/Air       7%           67%         4


Dungeon Overview and Level Annotations

Branches:
Dungeon (1/15)

Altars:


Innate Abilities, Weirdness & Mutations

You are too large for most types of armour.
You have tough skin. (AC +1)


Message History

The goblin completely misses you.
You barely miss the goblin.
The goblin is severely wounded.
Casting: Summon Small Mammal (safe; 4% risk of failure)
Confirm with . or Enter, or press ? or * to list all spells.
The goblin completely misses you. The kobold hits you but does no damage.
Your quokka closely misses the kobold.
You closely miss the goblin.
The goblin is severely wounded.
The goblin hits you with a +0 club.
* * * LOW HITPOINT WARNING * * *
The kobold misses you.
Your quokka completely misses the kobold.
There is an open door here.
Your quokka bites the kobold.
Your quokka misses the kobold.
Casting: Summon Small Mammal (safe; 4% risk of failure)
Confirm with . or Enter, or press ? or * to list all spells.
The goblin hits you with a +0 club.
You die...

....... #....... . .......
#....... .. .......
#...... ... #..... #....#
.... #.....###....# .....
..#.....†......##+##......
..#......).....#.......#
...............#.r.....#
.............@gK.......#
...........b..#########
...........#.....
.#.##'''##.#.####
#.#.....#.#.#
#.#..<..#.#.#
#.#.....#...#
#.#.....#...# #
##+++##.#.#


You could see a goblin, a kobold, a friendly quokka (summoned) and a friendly
bat (summoned).

Vanquished Creatures
  A giant cockroach (D:1)
1 creature vanquished.

Notes
Turn   | Place    | Note
-------+----------+-------------------------------------------
     0 | D:1      | sahdkjhfkaj the Ogre Summoner began the quest for the Orb.
     0 | D:1      | Reached XP level 1. HP: 16/16 MP: 3/3
   108 | D:1      | Slain by a goblin

Illustrated notes

Levels and vault maps discovered:
D:1:      dpeg_arrival_windows_large_door, layout_basic

Action                   || total
-------------------------++-------
Melee: Unarmed           ||    24
 Cast: Summon Small Mamm ||     2
Armor: Robe              ||     5
Dodge: Dodged            ||    14

Table legend: (Time is in decaauts)
 A = Elapsed time spent in this place.
 B = Non-inter-level travel time spent in this place.
 C = Inter-level travel time spent in this place.
 D = Time resting spent in this place.
 E = Time spent auto-exploring this place.
 F = Levels seen in this place.
 G = Mean time per level.
                   A        B        C        D        E       F      G
               +--------+--------+--------+--------+--------+-----+--------+
         Total |    108 |    108 |      0 |      0 |     69 |   1 |  108.0 |
       Dungeon |    108 |    108 |      0 |      0 |     69 |   1 |  108.0 |
               +--------+--------+--------+--------+--------+-----+--------+

Top non-repeatable levels by time:
     D:1: 108 daAuts
